AoeStats
← [GE]GhandioHarry

Arena

510247014Analyzed
2v2 RM · 3d ago on Sep 30, 2026· 43m 40s· 4 players
Game mode
Random Map
Map size
Medium (4 player)
Population
200
Speed
Normal
Resources
Standard
Victory
Conquest
Starting age
Dark Age
Ending age
Imperial Age
RankedLock teamsTeams togetherTeam positionsShared explorationLock speedFull tech treeHidden civsTurbo modeCheats
Victory
Defeat
🇨🇳 Varangians · China
1041
+17
🇨🇳 Varangians · China
1007
+18
🇨🇱 Mapuche · Chile
1087
-18
🇨🇱 Italians · Chile
1033
-17
欲火银河
11:10 Feudal Age
12:05 Double-Bit Axe
15:08 Castle Age
16:34 Wheelbarrow
20:12 Bow Saw
21:19 Forging
21:35 Scale Barding Armor
28:50 Imperial Age
29:09 Squires
29:18 Scale Mail Armor
29:53 Iron Casting
30:50 Chain Mail Armor
31:27 Conscription
30:55 Horse Collar
33:16 Gothikon
36:49 Siege Engineers
39:35 Plate Mail Armor
40:05 Blast Furnace
39:23 Elite Varangian Guard
42:01 Hand Cart
Super207
10:02 Feudal Age
11:15 Loom
14:18 Castle Age
13:57 Double-Bit Axe
25:20 Squires
26:05 Bloodlines
27:31 Scale Mail Armor
34:21 Imperial Age
33:41 Chain Mail Armor
33:59 Bow Saw
34:55 Wheelbarrow
40:06 Gold Mining
41:08 Plate Mail Armor
40:49 Forging
41:06 Conscription
40:55 Gothikon
[GE]GhandioHarry
10:25 Feudal Age
11:10 Double-Bit Axe
11:23 Horse Collar
18:16 Castle Age
24:38 Padded Archer Armor
25:53 Loom
28:04 Forging
28:31 Bow Saw
29:08 Scale Barding Armor
30:05 Ballistics
36:02 Heavy Plow
37:44 Gold Mining
41:10 Imperial Age
39:09 Leather Archer Armor
38:46 Fletching
39:58 Wheelbarrow
39:28 Bodkin Arrow
40:43 Husbandry
40:56 Bloodlines
42:45 Iron Casting
42:43 Fortified Wall
43:56 Hand Cart
43:28 Town Watch
[GE]Aplostlico
10:51 Feudal Age
12:42 Horse Collar
12:47 Double-Bit Axe
14:47 Wheelbarrow
14:04 Loom
14:05 Town Watch
20:06 Castle Age
20:18 Fletching
21:05 Padded Archer Armor
23:14 Gold Mining
23:12 Loom
40:16 Imperial Age
38:55 Hand Cart
42:23 Imperial Age
40:57 Town Watch
41:21 Heavy Plow
41:31 Bow Saw
41:36 Forging
42:18 Gold Shaft Mining
43:34 Conscription
Connection lost

Rejoining the realm…

Still unreachable

The connection could not be restored.

Session expired

The server has moved on; the page needs a fresh start.